 Dungeon Crawl Stone Soup version 0.31.0-10-gcf4a605ca0 (webtiles) character file.

Game seed: 7360468193579782267

66674 Flugkiller the Brawler (level 14, -7/153 HPs)
             Began as a Troll Enchanter on Jan 25, 2024.
             Was an Initiate of Gozag.
             Mangled by an ettin
             ... wielding a +0 dire flail
              (21 damage)
             ... on level 15 of the Dungeon.
             The game lasted 00:22:25 (15800 turns).

Flugkiller the Brawler (Troll Enchanter)           Turns: 15800, Time: 00:22:26

Health: -7/153     AC: 16    Str: 23    XL:     14   Next: 80%
Magic:  13/13      EV:  7    Int: 11    God:    Gozag
Gold:   285        SH:  0    Dex: 10    Spells: 15/15 levels left

rFire   + .          .
                       - Unarmed
rCold   . . .        (no shield)
rNeg    . . .        m - +2 fire dragon scales
rPois   .            (helmet restricted)
rElec   .            s - scarf {rC+ rF+}
rCorr   .            (gloves unavailable)
SInv    .            (boots unavailable)
Will    +....        r - amulet of regeneration Stlth
                     p - +4 ring of protection
HPRegen 2.05/turn    a - ring of ice
MPRegen 0.13/turn

%: no passive effects
@: mighty, brilliant
A: large, unfitting armour, claws 3, low MP 1, regeneration 1, shaggy fur 1,
tough skin 1, no potion heal 1, inability to read after injury 2, inability to
train armour, no ice magic, no necromancy magic, no alchemy magic, temperature
sensitive
a: Renounce Religion, Potion Petition, Call Merchant, Bribe Branch


You were on level 15 of the Dungeon.
You worshipped Gozag.
Gozag was aware of your devotion.
You visited 2 branches of the dungeon, and saw 19 of its levels.
You visited the Abyss 1 time.
You also visited: Bailey and Volcano.

You collected 2516 gold pieces.
You spent 620 gold pieces at shops.
You paid 1611 gold pieces to Gozag.

Inventory:

Missiles
 d - 39 poisoned darts (quivered)
 h - 12 boomerangs
 o - 35 large rocks
Armour
 j - +0 shadow dragon scales
   (You found it on level 8 of the Dungeon)
 m - +2 fire dragon scales (worn)
   (You found it in a bailey)
 s - a scarf of resistance (worn)
   (You bought it in a shop on level 10 of the Dungeon)
 v - the +0 robe of the Ladybird {Will+}
   (You found it on level 3 of the Lair of Beasts)

   Will+:     It increases your willpower.
Jewellery
 a - a ring of ice (right claw)
   (You found it on level 1 of the Dungeon)
 b - a ring of magical power
   (You found it on level 8 of the Dungeon)
 c - a ring of flight
   (You found it on level 1 of the Dungeon)
 e - a ring of fire
   (You found it on level 2 of the Dungeon)
 f - a +6 ring of intelligence
   (You found it on level 3 of the Dungeon)
 k - a +6 ring of dexterity
   (You found it on level 10 of the Dungeon)
 n - a ring of magical power
   (You found it in a bailey)
 p - a +4 ring of protection (left claw)
   (You found it on level 4 of the Lair of Beasts)
 q - a ring of positive energy
   (You found it on level 10 of the Dungeon)
 r - an amulet of regeneration (around neck)
   (You bought it in a shop on level 10 of the Dungeon)
Talismans
 u - a blade talisman
   (You found it on level 3 of the Lair of Beasts)
Wands
 g - a wand of charming (4)
   (You found it on level 6 of the Dungeon)
 i - a wand of mindburst (6)
   (You found it on level 6 of the Dungeon)
 l - a wand of iceblast (11)
   (You found it on level 8 of the Dungeon)
 t - a wand of digging (13)
   (You found it on level 1 of the Lair of Beasts)
 w - a wand of quicksilver (1)
   (You found it on level 4 of the Lair of Beasts)
 y - a wand of flame (23)
   (You found it on level 10 of the Dungeon)
Scrolls
 x - 4 scrolls of fog
Miscellaneous
 z - a phantom mirror (inert)
   (You found it on level 4 of the Lair of Beasts)


   Skills:
 - Level 13.0 Fighting
 - Level 0.7 Short Blades
 - Level 1.5 Dodging
 - Level 1.5 Stealth
 + Level 7.7 Shields
 - Level 18.3 Unarmed Combat
 - Level 1.2 Spellcasting
 - Level 2.0 Hexes
 - Level 6.0 Evocations


You had 15 spell levels left.
You didn't know any spells.
Your spell library contained the following spells:

 Spells                   Type           Power      Damage    Failure   Level
 Summon Small Mammal      Summ           4%         N/A       71%         1
 Confusing Touch          Hex            7%         N/A       80%         3
 Tukima's Dance           Hex            7%         N/A       80%         3
 Dazzling Flash           Conj/Hex       8%         N/A       91%         3
 Dimensional Bullseye     Hex/Tloc       2%         N/A       100%        4
 Iskenderun's Mystic Bla  Conj/Tloc      1%         2d3       100%        4
 Discord                  Hex            3%         N/A       100%        8
 Freeze                   Ice            Unusable   1d3       N/A         1
 Ensorcelled Hibernation  Hex/Ice        Unusable   N/A       N/A         2
 Frozen Ramparts          Ice            Unusable   1d1       N/A         3
 Hailstorm                Conj/Ice       Unusable   3d5       N/A         3
 Olgreb's Toxic Radiance  Alch           Unusable   N/A       N/A         4
 Ozocubu's Refrigeration  Ice            Unusable   4d7       N/A         7

Dungeon Overview and Level Annotations

Branches:
Dungeon (15/15) Zot: 26218  Temple (0/1) D:5            Lair (4/5) D:11 Zot: 20793
 Spider (0/4) Lair:3          Orc (0/2) D:12         Vaults (0/5) D:14
 Depths (0/4) D:15         Bailey (visited)         Volcano (visited)
  Swamp: Lair:2-3    Shoals: Lair:2-3     Slime: Lair:4-5

Altars:
Ashenzari
Cheibriados
Dithmenos
Elyvilon
Fedhas
Gozag
Kikubaaqudgha
Makhleb
Nemelex Xobeh
Okawaru
Ru
Sif Muna
Trog
Vehumet
Wu Jian
Xom
Zin
The Shining One

Shops:
D:5 *:   D:10 **   D:12 [   D:15 *

Annotations:
D:12 3 runed translucent doors, Hans's ghost, journeyman MiGl
Lair:2 2 exclusions


Innate Abilities, Weirdness & Mutations

You are too large for most types of armour.
You have claws for hands.
Your magical capacity is low. (-10% MP)
Your natural rate of healing is unusually fast.
You are covered in fur. (AC +1)
You have tough skin. (AC +1)
Potions are less effective at restoring your health.
You sometimes lose the ability to read scrolls when taking damage.
You cannot train Armour skill.
You cannot study or cast Ice magic.
You cannot study or cast Necromancy magic.
You cannot study or cast Alchemy magic.
You are sensitive to extremes of temperature. (rF-, rC-)


Message History

y - a wand of flame (23) (gained 13 charges)
A necromancer comes into view. It is wielding a +0 dagger.
The necromancer shouts!
Unknown command.
Something unseen opens the door.
A hell knight comes into view. It is wielding a +4 demon whip.
Found 15 gold pieces.
The hell knight shouts!
The necromancer casts a spell.
The necromancer binds the souls of nearby monsters.
You completely miss the necromancer. You claw the necromancer!!
The necromancer is severely wounded.
You mangle the necromancer!!
You kill the necromancer!
You mangle the hell knight!!
You claw the hell knight, but do no damage.
The hell knight is moderately wounded.
The hell knight hits you with a +4 demon whip.
You closely miss the hell knight.
The hell knight is moderately wounded.
You eviscerate the hell knight!!!
You kill the hell knight!
No target in view!
No target in view!
You now have 495 gold pieces (gained 11).
Items here: )) [[.
There is an open door, spattered with blood here.
You now have 510 gold pieces (gained 15).
There is an open door, spattered with blood here.
Items here: )) [[.
There is an open door, spattered with blood here.
A tengu warrior comes into view. It is wielding a +0 great sword.
Unknown command.
The tengu warrior slips past you! The tengu warrior closely misses you.
The tengu warrior pecks you but does no damage.
The tengu warrior closely misses you.
You miss the tengu warrior. Your claw misses the tengu warrior.
The tengu warrior hits you with a +0 great sword!!
The tengu warrior pecks you but does no damage.
The tengu warrior claws you but does no damage.
The tengu warrior attacks as it pursues you!
The tengu warrior hits you with a +0 great sword.
The tengu warrior pecks you but does no damage.
The tengu warrior claws you but does no damage.
You mangle the tengu warrior!! Your claw misses the tengu warrior.
The tengu warrior is heavily wounded.
The tengu warrior hits you with a +0 great sword.
The tengu warrior pecks you but does no damage.
The tengu warrior claws you.
You mangle the tengu warrior!! Your claw misses the tengu warrior.
The tengu warrior is almost dead.
You mangle the tengu warrior!!
You kill the tengu warrior!
No target in view!
You now have 517 gold pieces (gained 7).
Things that are here:
a +0 great sword; a +0 ring mail
Found a scroll of fog.
You open the door.
A frilled lizard and an ettin come into view.
Found a staircase to the Depths and a stone staircase leading up.
The frilled lizard hisses angrily.
The ettin shouts in stereo!
There is an open door here.
Unknown command.
Things that are here:
a +0 great sword; a +0 ring mail Unknown command.
Unknown command.
A yak comes into view.
The yak changes into something you cannot see!
There is an open door, spattered with blood here.
The ettin attacks as it pursues you! The ettin barely misses you.
The ettin hits you with a +0 dire flail!!
Items here: )) [[.
You scratch the ettin.
The ettin is lightly wounded.
You mangle the ettin!! You claw the ettin, but do no damage.
The ettin is heavily wounded.
The ettin hits you with a +0 dire flail!! x2
You are too injured to fight recklessly!
You are too injured to fight recklessly!
You scratch the ettin but do no damage. You claw the ettin, but do no damage.
The ettin is moderately wounded.
The ettin hits you with a +0 dire flail!!
* * * LOW HITPOINT WARNING * * *
The ettin hits you with a +0 dire flail!!
* * * LOW HITPOINT WARNING * * *
Unknown command.
Okay, then.
Unknown command.
Unknown command. [a] - 232 gold - might and brilliance [b] - 300 gold - resistance [c] - 957 gold - resistance, invisibility, haste and enlightenment Purchase which effect?
You no longer have enough gold to petition Gozag for potion effects.
You feel very mighty all of a sudden.
You feel clever all of a sudden.
The ettin hits you with a +0 dire flail!!
You die...
Your body crumbles into a pile of gold.

#.........#...### #...
#.........##....###..#
##.......####........#
##....### ##......##
###### ####....##
######## ####........##
###....#.###......###...#
#........#....##### ##...
#..#...#@....## ###.
#..###C####.# ##
#.....#..⌠#.# #
#...#.....#.# ##
##...#.#...#.. .#
#....#..#.#+#.# l# #####
#....#.....#... .# ......
#....#####.#... .#..<....
#..........#>C.#.........


You could see an ettin.

Vanquished Creatures
  A bone dragon (Abyss:3)
  A hellephant (Abyss:3)
  A tentacled monstrosity (Abyss:3)
  Nessos (Lair:4)
  The ghost of Ceyroiss the Quickloader, a journeyman HuWn of Dithmenos (Lair:4)
  2 fire dragons
  An ice dragon (Lair:4)
  An ogre mage (D:14)
  A great orb of eyes (Abyss:3)
  2 centaur warriors
  A death knight (D:14)
  A boulder beetle (D:14)
  5 two-headed ogres
  3 tengu warriors
  3 thrashing horrors (Abyss:3)
  A wretched star (Abyss:3)
  A hell knight (D:15)
  A skeletal warrior (D:14)
  3 lindwurms (Volcano)
  4 orc knights
  3 large abominations (Abyss:3)
  7 ugly things
  A deep elf pyromancer (Bailey)
  A necromancer (D:15)
  3 elephants (Lair:2)
  A worldbinder (Abyss:3)
  4 manticores
  5 cyclopes (D:14)
  A rust devil (Abyss:3)
  4 black mambas
  3 smoke demons
  9 cane toads
  3 gargoyles
  An efreet (D:15)
  4 centaur skeletons (D:14)
  A komodo dragon (shapeshifter) (D:14)
  An ancient zyme (Abyss:3)
  6 komodo dragons
  3 rime drakes
  2 tengu conjurers (D:14)
  A polar bear (Lair:4)
  6 trolls
  18 blink frogs
  6 dream sheep (Lair:4)
  2 slime creatures
  A centaur simulacrum (D:15)
  4 shadows
  A jumping spider (Lair:3)
  A wraith (D:14)
  27 yaks
  2 vampires
  4 wyverns
  3 redbacks (Lair:3)
  4 steam dragons
  8 vampire mosquitoes
  A swamp worm (Lair:2)
  Menkaure (D:7)
  5 acid dragons
  A chaos spawn (Abyss:3)
  2 small abominations (Abyss:3)
  A hydra simulacrum (Lair:4)
  11 water moccasins
  3 hell hounds (Volcano)
  12 orc warriors
  3 ice beasts
  3 black bears (D:4)
  A black mamba simulacrum (Lair:4)
  3 boggarts (D:15)
  5 ogres
  4 wolves (Lair:1)
  16 centaurs
  4 kobold brigands
  12 bullfrogs
  A brain worm (D:5)
  A scorpion (D:5)
  5 wights
  6 killer bees
  3 electric eels
  A torpor snail simulacrum (Lair:4)
  A komodo dragon simulacrum (Lair:4)
  5 jellies
  3 hounds
  A fire crab simulacrum (Lair:4)
  5 orc priests
  An iron imp (Abyss:3)
  2 sleepcaps
  6 iguanas
  7 orc wizards
  Natasha (thrice) (D:3)
  A boggart simulacrum (D:14)
  A mummy (D:6)
  6 adders
  3 shadow imps
  3 white imps
  8 ufetubi (D:8)
  2 dart slugs (D:1)
  A ribbon worm (D:2)
  33 orcs
  9 endoplasms
  3 giant cockroaches
  10 goblins
  7 hobgoblins
  2 jackals (D:1)
  8 kobolds
  2 quokkas
  14 ball pythons
  6 bats
  6 frilled lizards
  2 kobold zombies (D:6)
  2 orc zombies (D:6)
  7 rats
461 creatures vanquished.

Vanquished Creatures (collateral kills)
  A killer bee (D:11)
  A white imp (Abyss:3)
2 creatures vanquished.

Vanquished Creatures (others)
  A two-headed ogre (D:11)
  An occultist (D:15)
  A cyclops (D:12)
  2 elephants (Lair:2)
  A yak (Lair:1)
  An orc warrior (Bailey)
  A bullfrog (D:7)
  A killer bee (D:11)
  An orc (D:8)
10 creatures vanquished.

Grand Total: 473 creatures vanquished

Notes
Turn   | Place    | Note
-------+----------+-------------------------------------------
     0 | D:1      | Flugkiller the Troll Enchanter began the quest for the Orb.
     0 | D:1      | Reached XP level 1. HP: 16/16 MP: 1/1
    62 | D:1      | Reached skill level 1 in Unarmed Combat
    78 | D:1      | Reached XP level 2. HP: 26/26 MP: 2/2
   158 | D:1      | Reached skill level 1 in Fighting
   218 | D:1      | Reached skill level 2 in Unarmed Combat
   349 | D:1      | Reached XP level 3. HP: 33/33 MP: 3/3
   878 | D:3      | Noticed Natasha
   886 | D:3      | Killed Natasha
   887 | D:3      | Reached skill level 3 in Unarmed Combat
   887 | D:3      | Reached XP level 4. HP: 39/41 MP: 4/4
   908 | D:3      | Noticed Natasha
   916 | D:3      | Killed Natasha
  1082 | D:3      | Noticed Natasha
  1090 | D:3      | Killed Natasha
  1250 | D:3      | Found a faded altar of an unknown god.
  1257 | D:3      | Reached XP level 5. HP: 48/49 MP: 5/5
  1292 | D:3      | Reached skill level 4 in Unarmed Combat
  1533 | D:4      | Found a glowing silver altar of Zin.
  1603 | D:4      | You fall into a shaft and drop 2 floors!
  1615 | D:6      | Reached XP level 6. HP: 28/59 MP: 6/6
  1705 | D:6      | Reached skill level 5 in Unarmed Combat
  1773 | D:6      | Noticed a steam dragon
  1797 | D:5      | Entered Level 5 of the Dungeon
  1822 | D:4      | Found a bloodstained altar of Trog.
  1833 | D:4      | Reached skill level 1 in Evocations
  1833 | D:4      | Reached XP level 7. HP: 62/67 MP: 7/7
  1870 | D:4      | Identified the +1 rapier of Distant Shores {heavy, Int+3}
  1921 | D:4      | Found a sparkling altar of Nemelex Xobeh.
  1922 | D:4      | Found a sacrificial altar of Ru.
  1927 | D:4      | Became a worshipper of Ru the Awakened
  2001 | D:4      | Reached skill level 6 in Unarmed Combat
  2466 | D:5      | Found a broken altar of Ashenzari.
  2547 | D:5      | Found an opulent altar of Gozag.
  2606 | D:5      | Reached skill level 7 in Unarmed Combat
  2632 | D:5      | Reached XP level 8. HP: 64/78 MP: 8/8
  2681 | D:5      | Found a glowing golden altar of the Shining One.
  2681 | D:5      | Found a white marble altar of Elyvilon.
  2681 | D:5      | Found a blossoming altar of Fedhas.
  2681 | D:5      | Found a snail-covered altar of Cheibriados.
  2681 | D:5      | Found a shimmering altar of Xom.
  2681 | D:5      | Found a shimmering altar of Xom.
  2681 | D:5      | Noticed a slime creature
  2681 | D:5      | Noticed a slime creature
  2731 | D:4      | Killed a slime creature
  2732 | D:4      | Reached skill level 8 in Unarmed Combat
  3032 | D:5      | Reached skill level 5 in Fighting
  3064 | D:5      | Found a staircase to the Ecumenical Temple.
  3076 | D:5      | Found a shimmering altar of Xom.
  3081 | D:5      | Found a shimmering altar of Xom.
  3082 | D:5      | Found a shimmering altar of Xom.
  3083 | D:5      | Found a shimmering altar of Xom.
  3089 | D:5      | Gained mutation: You cannot train Armour skill. [Ru
                  | sacrifice]
  3089 | D:5      | Reached * piety under Ru
  3195 | D:5      | Found Ulyusm's General Store.
  3220 | D:5      | Reached skill level 9 in Unarmed Combat
  3220 | D:5      | Found a shadowy altar of Dithmenos.
  3593 | D:5      | Found Cerofic's Book Shop.
  3675 | D:5      | Killed a slime creature
  3676 | D:5      | Reached XP level 9. HP: 52/88 MP: 9/9
  4117 | D:6      | Reached skill level 10 in Unarmed Combat
  4476 | D:7      | Noticed a manticore
  4483 | D:7      | Killed a manticore
  4799 | D:7      | Found a radiant altar of Vehumet.
  4803 | D:7      | Found an ancient bone altar of Kikubaaqudgha.
  4804 | D:7      | Found a shimmering blue altar of Sif Muna.
  4809 | D:7      | Got Sif Muna's Information on the Gathering
  4861 | D:7      | Noticed Menkaure
  4872 | D:7      | Killed Menkaure
  4873 | D:7      | Reached skill level 11 in Unarmed Combat
  5069 | D:8      | Noticed a gargoyle
  5081 | D:8      | Killed a gargoyle
  5082 | D:8      | Reached XP level 10. HP: 41/100 MP: 10/10
  5210 | D:8      | Found a burning altar of Makhleb.
  5760 | D:9      | Found a white marble altar of Elyvilon.
  5762 | D:9      | Found an ornate altar of the Wu Jian Council.
  5885 | D:9      | Gained mutation: You are sensitive to extremes of
                  | temperature. (rF-, rC-) [Ru sacrifice]
  5885 | D:9      | Reached ** piety under Ru
  5885 | D:9      | Reached *** piety under Ru
  5999 | D:9      | Found a flagged portal.
  6013 | Bailey   | Entered a bailey
  6044 | Bailey   | Noticed an orc knight
  6047 | Bailey   | Found a large runed translucent door.
  6047 | Bailey   | Found a large runed translucent door.
  6074 | Bailey   | Killed an orc knight
  6174 | Bailey   | Noticed a deep elf pyromancer
  6281 | Bailey   | Killed a deep elf pyromancer
  6294 | Bailey   | Identified the +0 leather armour of Recklessness {*Corrode
                  | rF++ Int+9 Slay+2}
  6379 | D:9      | Reached skill level 12 in Unarmed Combat
  6820 | D:10     | Entered Level 10 of the Dungeon
  6936 | D:10     | Reached skill level 5 in Evocations
  7056 | D:10     | Found Fiji's Assorted Antiques.
  7104 | D:10     | Found Wowugob's Neck Hole.
  7125 | D:10     | Bought an amulet of regeneration for 300 gold pieces
  7125 | D:10     | Bought a scarf of resistance for 320 gold pieces
  7417 | D:10     | Reached XP level 11. HP: 85/109 MP: 11/11
  7597 | D:11     | Noticed a two-headed ogre
  7608 | D:11     | Killed a two-headed ogre
  7733 | D:11     | Noticed a two-headed ogre
  7749 | D:11     | Killed a two-headed ogre
  7750 | D:11     | Reached skill level 13 in Unarmed Combat
  7910 | D:11     | Found a staircase to the Lair.
  7913 | D:11     | Noticed a two-headed ogre
  7922 | D:11     | Killed a two-headed ogre
  7947 | D:11     | Gained mutation: You occasionally lose the ability to read
                  | scrolls when taking damage. [Ru sacrifice]
  7947 | D:11     | Gained mutation: You sometimes lose the ability to read
                  | scrolls when taking damage. [Ru sacrifice]
  7947 | D:11     | Reached **** piety under Ru
  7985 | D:11     | Noticed a white ugly thing
  7998 | D:11     | Killed a white ugly thing
  8106 | D:11     | Noticed a two-headed ogre
  8119 | D:11     | Killed a two-headed ogre
  8223 | Lair:1   | Entered Level 1 of the Lair of Beasts
  8257 | Lair:1   | Reached skill level 14 in Unarmed Combat
  8374 | Lair:1   | Reached XP level 12. HP: 122/122 MP: 12/12
  8570 | Lair:1   | Reached skill level 15 in Unarmed Combat
  9099 | Lair:2   | Found a dark tunnel.
  9104 | Volcano  | Entered a volcano
  9256 | Volcano  | Noticed a fire dragon
  9285 | Volcano  | Killed a fire dragon
  9416 | Lair:2   | Gained mutation: You cannot study or cast Ice magic. [Ru
                  | sacrifice]
  9416 | Lair:2   | Gained mutation: You cannot study or cast Alchemy magic.
                  | [Ru sacrifice]
  9416 | Lair:2   | Gained mutation: You cannot study or cast Necromancy magic.
                  | [Ru sacrifice]
  9416 | Lair:2   | Reached ***** piety under Ru
  9458 | Lair:2   | Reached skill level 16 in Unarmed Combat
  9471 | Lair:2   | Reached skill level 10 in Fighting
 10320 | Lair:3   | Reached XP level 13. HP: 92/133 MP: 13/13
 10520 | Lair:3   | Found a hole to the Spider Nest.
 10607 | Lair:3   | Identified the +0 robe of the Ladybird {Will+}
 11136 | Lair:4   | Reached skill level 17 in Unarmed Combat
 11267 | Lair:4   | Found a runed translucent gate.
 11267 | Lair:4   | Found a runed translucent gate.
 11267 | Lair:4   | Found a runed translucent gate.
 11271 | Lair:4   | Noticed Nessos
 11278 | Lair:4   | Killed Nessos
 11406 | Lair:4   | Gained mutation: Your magical capacity is low. (-10% MP)
                  | [Ru sacrifice]
 11558 | Lair:4   | Noticed Ceyroiss's ghost (journeyman HuWn)
 11685 | Lair:4   | Killed Ceyroiss's ghost
 12079 | D:12     | Found a runed translucent gate.
 12079 | D:12     | Found a runed translucent gate.
 12079 | D:12     | Noticed a merfolk impaler
 12080 | D:12     | Found a runed translucent gate.
 12081 | D:12     | Noticed Hans's ghost (journeyman MiGl)
 12085 | D:12     | Found an iron altar of Okawaru.
 12143 | D:12     | Found a staircase to the Orcish Mines.
 12153 | D:12     | Found Ykhef's Armour Shoppe.
 12564 | D:13     | Reached skill level 18 in Unarmed Combat
 12950 | D:13     | Reached skill level 1 in Shields
 13168 | D:14     | Reached XP level 14. HP: 95/148 MP: 13/13
 13387 | D:14     | Gained mutation: Potions are less effective at restoring
                  | your health. [Ru sacrifice]
 13387 | D:14     | Reached ****** piety under Ru
 13395 | D:13     | Fell from the grace of Ru
 13612 | D:5      | Became a worshipper of Gozag Ym Sagoz the Greedy
 14540 | D:14     | Found a gate to the Vaults.
 14619 | D:15     | Entered Level 15 of the Dungeon
 14672 | Abyss:3  | Cast into level 3 of the Abyss (an occultist)
 14724 | Abyss:3  | Reached skill level 5 in Shields
 14891 | Abyss:3  | Noticed a bone dragon
 14900 | Abyss:3  | Killed a bone dragon
 14910 | Abyss:3  | Noticed a hellephant
 14936 | Abyss:3  | Killed a hellephant
 15011 | Abyss:3  | Noticed a tentacled monstrosity
 15021 | Abyss:3  | Noticed a tentacled starspawn
 15036 | Abyss:3  | Killed a tentacled monstrosity
 15054 | D:15     | Escaped the Abyss
 15230 | D:15     | Found Ucebbiov's Gadget Gallery.
 15782 | D:15     | Found a staircase to the Depths.
 15800 | D:15     | Mangled by an ettin

Illustrated notes

Levels and vault maps discovered:
D:1:      dpeg_arrival_tiny_i, layout_rooms, serial_glass, glass_columns_b,
          glass_columns_a, minmay_misc_feat_tiny, minmay_hedge_maze
D:2:      layout_basic, grunt_ministairs_1, mrwooster_statue_mirror
D:3:      layout_loops_ring, nicolae_ecumenical_snake_handling, uniq_natasha
D:4:      kennysheep_big_flooded_room, layout_basic,
          chequers_temple_overflow_statue_of_worship,
          mainiacjoe_overflow_small_starburst, trog_ov_bears_minmay,
          nicolae_the_louvre
D:5:      cheibrodos_fertilizer, layout_loops_corners,
          nicolae_overflow_crystal_walls, xom_redecorated, jmf_multi_god_temple,
          temple_doors_ab, serial_shops, nicolae_square_shop,
          kennysheep_mini_moat, minmay_misc_feat_ornament
D:6:      layout_basic, minmay_mini_ossuary
D:7:      layout_loops_cross, grunt_temple_overflow_magic_moments, uniq_menkaure
D:8:      layout_basic, mainiacjoe_overflow_paths, serial_demonic,
          serial_demonic_e, serial_demonic_e, serial_demonic_g,
          serial_demonic_c, serial_demonic_f, serial_demonic_d
D:9:      layout_gridville, elyvilon_altar_4, pdpol_wu_jian_five_deadly_venoms,
          enter_bailey_3, abandoned_shop, minmay_misc_feat_roman
D:10:     layout_basic, serial_shops, nicolae_stop_n_shop_1,
          nicolae_shop_sticking_my_neck_out
D:11:     layout_big_octagon, serial_park, serial_park_square2,
          serial_park_avenue1, serial_park_square3
          [serial_park_minivault_5x5_6], serial_park_tiny_1, serial_park_square3
          [serial_park_minivault_5x5_5]
D:12:     layout_irregular_city, orc_david_3, gammafunk_ghost_fury_of_okawaru
D:13:     layout_gridville, fungi_pond_lemuel
D:14:     layout_gridville, hangedman_vaults_entry_quadrant_bands,
          minmay_misc_feat_rugged
D:15:     hangedman_depths_entry_civil_slaughter, layout_cave_pods,
          amcnicky_mini_rare_corridor_liquid, roderic_roman_lattice,
          nicolae_shop_gadgets
Lair:1:   layout_misc_corridors, grunt_megastairs_5, lemuel_fruit_tree,
          lemuel_fruit_fields
Lair:2:   layout_cave_pods, palyth_hydra_swamp_entry,
          nicolae_volcano_entry_s_turn, infiniplex_staircase_pool
Lair:3:   layout_regular_city, spider_nest_entry_a, infiniplex_staircase_pool_2,
          lemuel_fruit_fields, serial_bayou_shore_a
Lair:4:   layout_cave_shapes, gammafunk_ghost_icy, uniq_nessos

Skill      XL: |  1  2  3  4  5  6  7  8  9 10 11 12 13 14 |
---------------+-------------------------------------------+-----
Unarmed Combat | 1 2 3 4 5 7 9 11 12 14 16 18 | 18.3
Fighting       | 1 2 3 4 5 6 7 8 10 11 13 | 13.0
Evocations     | 1 2 5 6 |  6.0
Shields        | 2 7 |  7.7
Short Blades   | |  0.7
Dodging        | |  1.5
Stealth        | |  1.5
Spellcasting   | |  1.2
Hexes          | |  2.0

Action                     |  1- 3 |  4- 6 |  7- 9 | 10-12 | 13-15 || total
---------------------------+-------+-------+-------+-------+-------++-------
  Melee: Unarmed           |    98 |    88 |   264 |   524 |   514 ||  1488
         Punch             |     1 |     2 |    11 |    51 |    60 ||   125
  Throw: Dart              |       |       |       |     4 |       ||     4
 Invoke: Sacrifice Durabil |       |       |     1 |       |       ||     1
         Draw Out Power    |       |       |       |     3 |     2 ||     5
         Sacrifice Resista |       |       |       |     1 |       ||     1
         Power Leap        |       |       |       |     1 |       ||     1
         Sacrifice Words   |       |       |       |     1 |       ||     1
         Sacrifice Arcana  |       |       |       |     1 |       ||     1
         Apocalypse        |       |       |       |       |     1 ||     1
         Sacrifice Essence |       |       |       |       |     1 ||     1
         Potion Petition   |       |       |       |       |     2 ||     2
         Sacrifice Purity  |       |       |       |       |     1 ||     1
         Renounce Religion |       |       |       |       |     1 ||     1
  Evoke: Wand              |       |       |     4 |    12 |     3 ||    19
         Phantom mirror    |       |       |       |       |     1 ||     1
   Stab: Sleeping          |     2 |       |     2 |     3 |       ||     7
         Invisible         |       |       |       |     6 |     4 ||    10
         Paralysed         |       |       |       |     1 |     3 ||     4
         Distracted        |       |       |       |       |     5 ||     5
 Armour: Robe              |    45 |    79 |   186 |       |       ||   310
         Shadow dragon sca |       |       |       |   106 |    16 ||   122
         Fire dragon scale |       |       |       |   407 |   455 ||   862
  Dodge: Dodged            |    44 |    51 |    97 |   202 |   134 ||   528
